Unix NetHack Version 5.0.0-0 post-release - last build May  4 2026 22:22:43 (774f63e81ad911689b3a0859ea89b322d5daca8d,branch:main).

Game began 2026-05-05 07:27:00, ended 2026-05-05 07:56:21.

08245982402, chaotic male orcish Ranger

         ---------+-
         |.........|
         |..(.>....|
         |........[-e
         -.---------@
        ###         :
     ####           #    "#"
   --|------      ###    # #
   |.......|      #-----####
   |.......|      #....-##
   |.......|       |!..| #
   |.......|       |...-##
   |.<...._|       |...|
   ---------       -----

08245982402 the Lookout      St:14 Dx:10 Co:14 In:15 Wi:13 Ch:8  Chaotic
Dlvl:4  $:58 HP:0(23) Pw:10(10) AC:7  Xp:3 T:2079  Weak    

Latest messages:
 You already found a monster.  Use 'm' prefix to force another search.
 You hit the cave spider.
 The cave spider bites!
 You miss the cave spider.
 The cave spider bites!
 You miss the cave spider.
 The cave spider bites!
 You kill the cave spider!
 The grid bug strikes at your displaced image and misses you!
 You hit the grid bug.
 The grid bug strikes at your displaced image and misses you!
 You kill the grid bug!
 The door opens.
 You kill the gas spore!
 Boom!
 You are caught in the gas spore's explosion!
 Really step into that web? [yn] (n) n
 You find a web.
 You see here a +2 orcish arrow.
 c - a +2 orcish arrow (in quiver) (54 in total).
 You see here a +2 orcish arrow.
 c - a +2 orcish arrow (in quiver) (55 in total).
 You miss the floating eye.
 You are frozen by the floating eye's gaze!
 You are beginning to feel hungry.
 You can move again.
 You miss the floating eye.
 You hit the floating eye.
 You are frozen by the floating eye's gaze!
 You are beginning to feel weak.
 The gecko bites!
 The gecko bites!
 The gecko bites!
 The gecko bites!
 The gecko bites!
 The gecko bites!
 The gecko bites!
 The gecko bites!
 The gecko bites!
 The gecko bites!
 The gecko bites!
 The gecko bites!
 The gecko bites!
 The gecko bites!
 You die...
 Do you want your possessions identified? [ynq] (y) y
 Do you want to see your attributes? [ynq] (y) y
 Do you want an account of creatures vanquished? [ynaq] (y) y
 Do you want to see your conduct and achievements? [ynq] (y) y
 Do you want to see the dungeon overview? [ynq] (y) y

Inventory:
 Coins    ('$')
  $ - 58 gold pieces
 Weapons  (')')
  c - 55 +2 orcish arrows (in quiver)
  d - 30 +0 orcish arrows
  b - a +1 orcish bow (weapon in right hand)
  v - a +0 elven dagger
  a - a +1 orcish dagger (alternate weapon; not wielded)
 Armor    ('[')
  e - a blessed +2 cloak of displacement (being worn)
  m - an uncursed +0 splint mail
 Comestibles  ('%')
  u - an uncursed slime mold
  q - 2 uncursed candy bars labeled "Wonka Bar"
  h - 2 uncursed food rations
  g - an uncursed egg
 Scrolls  ('?')
  n - a blessed scroll of confuse monster
 Wands    ('/')
  w - a wand of sleep (0:8)
  j - a wand of striking (0:8)
 Tools    ('(')
  o - an uncursed mirror
 Boulders/Statues  ('`')
  i - an empty uncursed statue of a grid bug

08245982402 the Ranger's attributes:

Background:
 You were a Lookout, a level 3 male orcish Ranger.
 You were chaotic, nominally on a mission for Mars
 who was opposed by Mercury (lawful) and Venus (neutral).
 You were right-handed.
 You were in the Dungeons of Doom, on level 4.
 You entered the dungeon 2079 turns ago.
 You had 62 experience points, 18 more were needed to attain level 4.

Basics:
 You had 0 out of 23 hit points.
 You had all 10 energy points (spell power).
 Your armor class was 7.
 Your wallet contained 58 zorkmids.
 Autopickup was off.

Final Characteristics:
 Your strength was 14 (base:15, limit:18/50).
 Your dexterity was 10 (limit:18).
 Your constitution was 14 (limit:18).
 Your intelligence was 15 (limit:16).
 Your wisdom was 13 (limit:16).
 Your charisma was 8 (limit:16).

Final Status:
 You were weak from severe hunger.
 You were unencumbered.
 You were wielding a bow.
 You had basic skill with bow.

Final Attributes:
 You were devoutly aligned.
 You were poison resistant.
 You had automatic searching.
 You had infravision.
 You were displaced.
 You were warded.
 You are dead.

Miscellaneous:
 You didn't encounter any bones levels.
 Total elapsed playing time was 29 minutes and 20 seconds.

Major events:
 Turn
    1: 08245982402 the chaotic male orcish Ranger entered the dungeon
 1042: attained the rank of Lookout (level 3)
 2079: killed by a gecko, while frozen by a floating eye's gaze

You didn't know any spells.

Skills:
 Fighting Skills
   bare handed combat [Unskilled]
   riding             [Unskilled]
 Weapon Skills
   dagger             [Basic]
   knife              [Unskilled]
   axe                [Unskilled]
   pick-axe           [Unskilled]
   short sword        [Unskilled]
   morning star       [Unskilled]
   flail              [Unskilled]
   hammer             [Unskilled]
   quarterstaff       [Unskilled]
   polearms           [Unskilled]
   spear              [Unskilled]
   trident            [Unskilled]
   bow                [Basic]
   sling              [Unskilled]
   crossbow           [Unskilled]
   dart               [Unskilled]
   shuriken           [Unskilled]
   boomerang          [Unskilled]
   whip               [Unskilled]
 Spellcasting Skills
   healing spells     [Unskilled]
   divination spells  [Unskilled]
   escape spells      [Unskilled]

Voluntary challenges:
 Character rerolling was not enabled.
 You were an atheist.
 You were illiterate.
 You never genocided any monsters.
 You never polymorphed an object.
 You never changed form.
 You used no wishes.
Achievements:
 You attained the rank of Lookout.
 You entered a shop.

 The Dungeons of Doom: levels 1 to 4
    Level 1:
    Level 2:
       A fountain, a sink.
    Level 3:
       A potion shop, a grave.
    Level 4: <- You were here.
       An altar.
       Final resting place for
          you, killed by a gecko, while frozen by a floating eye's gaze.


Vanquished creatures:
  a mountain nymph
 an iguana
  2 coyotes
  2 gas spores
  a hobbit
  a cave spider
  a garter snake
  a gnome zombie
  3 geckos
  4 jackals
  a fox
  a kobold
  2 goblins
  a sewer rat
  4 grid bugs
  3 lichens
  a kobold zombie
  8 newts
38 creatures vanquished.

No species were genocided or became extinct.

Game over:
                       ----------
                      /          \
                     /    REST    \
                    /      IN      \
                   /     PEACE      \
                  /                  \
                  |   08245982402    |
                  |      58 Au       |
                  |   killed by a    |
                  |      gecko       |
                  |                  |
                  |                  |
                  |       2026       |
                 *|     *  *  *      | *
        _________)/\\_//(\/(/\)/\//\/|_)_______

Goodbye 08245982402 the Ranger...

You died in The Dungeons of Doom on dungeon level 4 with 451 points,
and 58 pieces of gold, after 2079 moves.
You were level 3 with a maximum of 23 hit points when you died.

